Detroit Red Wings vs Edmonton Oilers
Created - Saturday, February 21, 2026 at 07:51
Goals
|
| Detroit Red Wings |
0 |
1 |
0 |
1 |
| Edmonton Oilers |
1 |
3 |
1 |
5 |
|
Shots
|
| Detroit Red Wings |
12 |
14 |
1 |
27 |
| Edmonton Oilers |
5 |
14 |
7 |
26 |
|
1st period
1. Edmonton Oilers , Dylan Holloway 10 (Troy Stecher 6) at 9:16
Penalties :
No Penalty
2nd period
2. Detroit Red Wings , Cole Sillinger 11 (Shayne Gostisbehere 9, Tanner Pearson 7) at 2:37 (PP)
3. Edmonton Oilers , Ryan McLeod 9 (David Savard 9, Adrian Kempe 23) at 4:48 (PP)
4. Edmonton Oilers , Dylan Holloway 11 (Boone Jenner 6) at 10:49
5. Edmonton Oilers , Adrian Kempe 15 (Kirill Marchenko 18) at 19:16 (PP)
Penalties :
Brock Boeser (EDM) for Hooking (Minor) at 2:13, Kevin Stenlund (DET) for Roughing (Minor) at 3:15, Evan Bouchard (EDM) for Tripping (Minor) at 12:52, Ryan Graves (DET) for Hooking (Minor) at 18:41
3rd period
6. Edmonton Oilers , Kirill Marchenko 14 (Adrian Kempe 24) at 12:17
Penalties :
Adrian Kempe (EDM) for Holding (Minor) at 7:35, Jacob Trouba (EDM) for Hooking (Minor) at 18:05
Goalie Stats
Laurent Brossoit (DET), 21 saves from 26 shots - (0.808), L, 0-8-0, 60:00 minutes
Karel Vejmelka (EDM), 26 saves from 27 shots - (0.963), W, 11-7-3, 60:00 minutes
Players Stats for Detroit Red Wings
Player Name G A P +/- PIM S H SB GA TA FO MP PP MP PK MP
------------------------------------------------------------------------------------
Brad Lambert 0 0 0 -1 0 2 1 1 0 1 1/2 11:04 0:09 0:50
Christian Fischer 0 0 0 -1 0 1 3 0 0 0 0/0 9:47 0:00 0:00
Cole Sillinger 1 0 1 0 0 3 0 1 0 0 8/19 18:23 2:53 0:51
Collin Graf 0 0 0 -1 0 4 3 0 0 0 1/1 19:45 3:16 1:25
Conor Timmins 0 0 0 -1 0 0 0 0 0 1 0/0 14:21 0:00 0:58
Cutter Gauthier 0 0 0 -1 0 1 1 0 2 0 2/13 18:20 3:16 0:00
Dmitry Orlov 0 0 0 -2 0 3 1 1 0 1 0/0 24:23 3:26 1:10
Fraser Minten 0 0 0 -1 0 1 3 0 0 0 0/0 18:32 3:16 0:00
Jackson LaCombe 0 0 0 -2 0 1 1 1 1 1 0/0 26:46 3:26 1:10
Jamie Drysdale 0 0 0 0 0 1 0 1 1 0 0/0 21:16 2:50 0:00
Kasperi Kapanen 0 0 0 -1 0 0 2 1 1 0 0/0 11:51 0:00 0:00
Kevin Stenlund 0 0 0 -1 2 1 2 0 0 0 2/3 12:17 0:00 0:27
Nate Danielson 0 0 0 -1 0 1 2 0 0 0 0/1 10:14 0:09 0:00
Ryan Graves 0 0 0 -1 2 0 1 4 1 1 0/0 14:20 0:00 0:58
Shayne Gostisbehere 0 1 1 0 0 2 1 0 1 0 0/0 18:53 2:50 0:00
Tanner Pearson 0 1 1 -1 0 0 1 0 2 0 0/0 14:10 2:51 0:00
Vasili Podkolzin 0 0 0 0 0 2 1 1 0 0 1/1 15:18 0:07 0:00
Zachary L'Heureux 0 0 0 0 0 4 2 0 1 0 0/1 18:10 2:51 0:43
Players Stats for Edmonton Oilers
Player Name G A P +/- PIM S H SB GA TA FO MP PP MP PK MP
------------------------------------------------------------------------------------
Adrian Kempe 1 2 3 1 2 3 3 1 2 0 0/0 16:48 1:47 0:00
Boone Jenner 0 1 1 2 0 2 3 0 0 1 5/6 12:44 0:00 0:00
Brandon Carlo 0 0 0 0 0 0 4 0 0 0 0/0 21:46 0:52 3:05
Brock Boeser 0 0 0 0 2 2 2 0 0 0 0/0 18:09 0:21 2:43
Connor McMichael 0 0 0 0 0 1 1 1 0 1 6/14 15:22 0:21 0:00
David Savard 0 1 1 0 0 2 0 0 1 1 0/0 22:13 1:16 3:11
Dawson Mercer 0 0 0 2 0 0 1 0 0 2 0/2 13:37 0:00 0:37
Derek Ryan 0 0 0 0 0 0 0 1 0 0 0/0 8:48 0:00 0:00
Dylan Holloway 2 0 2 2 0 4 1 0 0 0 0/0 12:44 0:00 0:00
Evan Bouchard 0 0 0 0 2 2 0 0 0 1 0/0 20:46 1:16 2:00
Jacob Trouba 0 0 0 0 2 0 3 1 0 1 0/0 20:39 0:52 1:59
Jake DeBrusk 0 0 0 0 0 5 2 0 0 1 0/0 18:35 0:21 3:13
Kirill Marchenko 1 1 2 1 0 4 2 2 0 0 0/0 19:50 1:47 2:59
Morgan Barron 0 0 0 0 0 0 1 0 0 1 0/0 9:05 0:00 0:01
Ryan McLeod 1 0 1 1 0 1 2 1 0 0 15/19 19:33 1:47 2:59
Scott Mayfield 0 0 0 3 0 0 0 1 0 0 0/0 18:17 0:00 2:05
Tanner Jeannot 0 0 0 0 0 0 1 0 2 0 0/0 8:48 0:00 0:00
Troy Stecher 0 1 1 3 0 0 1 3 0 1 0/0 15:56 0:00 0:12
3 Stars
1 - Dylan Holloway (EDM)
2 - Adrian Kempe (EDM)
3 - Kirill Marchenko (EDM)
Power Play
Detroit Red Wings - 1 on 4 Attempt(s) - 25.00%
Edmonton Oilers - 2 on 2 Attempt(s) - 100.00%
Penalty Kill
Detroit Red Wings - 0 on 2 Attempt(s) - 0.00%
- Score 0 goal in Penalty Kill
Edmonton Oilers - 3 on 4 Attempt(s) - 75.00%
- Score 0 goal in Penalty Kill
Team Stat
Detroit Red Wings - Hits : 25 - Faceoff Wins : 15 - Blocked Shots : 11 - Penalty Minutes : 4
Edmonton Oilers - Hits : 27 - Faceoff Wins : 26 - Blocked Shots : 11 - Penalty Minutes : 8
Official
Referees : Justin Kea and Michael Markovic
Linesman : Kyle Flemington and Jonathan Deschamps
Game Notes
No Game Note
Finance
Level 1 -- Attendance: 5826 (97.10%) -- Ticket Income $524,340
Level 2 -- Attendance: 5000 (100.00%) -- Ticket Income $250,000
Level 3 -- Attendance: 2682 (89.40%) -- Ticket Income $80,460
Level 4 -- Attendance: 4308 (86.16%) -- Ticket Income $86,160
Luxury Box -- Attendance: 894 (89.40%) -- Ticket Income $169,860
Game was played at the Rexall Place.
Total Attendance: 18710 (93.55%)
Total Ticket Income: $1,110,820
Other Income: $388,787
Total Income: $1,499,607
Detroit Red Wings
5 vs 5 Forward
Center Left Wing Right Wing Time % Phy DF OF
1 Cutter Gauthier Fraser Minten Collin Graf 35 1 1 3
2 Cole Sillinger Zachary L'Heureux Vasili Podkolzin 35 1 1 3
3 Kevin Stenlund Kasperi Kapanen Tanner Pearson 20 1 2 2
4 Brad Lambert Nate Danielson Christian Fischer 10 2 2 1
5 vs 5 Defense
Defense Defense Time % Phy DF OF
1 Jackson LaCombe Dmitry Orlov 40 1 2 2
2 Shayne Gostisbehere Jamie Drysdale 30 1 2 2
3 Conor Timmins Ryan Graves 20 2 2 1
4 Jamie Drysdale Jackson LaCombe 10 1 2 2
PowerPlay Forward
Center Left Wing Right Wing Time % Phy DF OF
1 Cutter Gauthier Fraser Minten Collin Graf 50 1 1 3
2 Cole Sillinger Zachary L'Heureux Tanner Pearson 50 0 1 3
PowerPlay Defense
Defense Defense Time % Phy DF OF
1 Jackson LaCombe Dmitry Orlov 50 1 2 2
2 Shayne Gostisbehere Jamie Drysdale 50 1 2 2
Penalty Kill 4 Players Forward
Center Wing Time % Phy DF OF
1 Kevin Stenlund Collin Graf 50 2 2 1
2 Cole Sillinger Zachary L'Heureux 50 2 2 1
Penalty Kill 4 Players Defense
Defense Defense Time % Phy DF OF
1 Jackson LaCombe Dmitry Orlov 50 1 2 2
2 Conor Timmins Ryan Graves 50 1 2 2
Penalty Kill - 3 Players Forward
Forward Time % Phy DF OF
1 Kevin Stenlund 50 1 2 2
2 Cole Sillinger 50 1 2 2
Penalty Kill - 3 Players Defense
Defense Defense Time % Phy DF OF
1 Jackson LaCombe Dmitry Orlov 50 1 2 2
2 Conor Timmins Ryan Graves 50 2 2 1
4 vs 4 Forward
Center Wing Time % Phy DF OF
1 Cutter Gauthier Collin Graf 60 1 2 2
2 Cole Sillinger Zachary L'Heureux 40 1 2 2
4 vs 4 Defense
Defense Defense Time % Phy DF OF
1 Jackson LaCombe Dmitry Orlov 60 1 2 2
2 Shayne Gostisbehere Jamie Drysdale 40 1 2 2
Last Minutes Offensive
Center Left Wing Right Wing Defense Defense
Cole Sillinger Cutter Gauthier Collin Graf Jackson LaCombe Dmitry Orlov
Last Minutes Defensive
Center Left Wing Right Wing Defense Defense
Cole Sillinger Cutter Gauthier Collin Graf Jackson LaCombe Dmitry Orlov
Goaltenders
Starting : Laurent Brossoit
Backup : Sergei Bobrovsky
Extra Forwards
Normal : Brad Lambert, Nate Danielson, Tanner Pearson - PP : Brad Lambert, Nate Danielson - PK : Brad Lambert
Extra Defensemen
Normal : Shayne Gostisbehere, Jamie Drysdale, Jackson LaCombe - PP : Shayne Gostisbehere - PK : Shayne Gostisbehere, Jamie Drysdale
Penalty Shots
Cutter Gauthier, Collin Graf, Cole Sillinger, Nate Danielson, Brad Lambert
Scratches
Jayden Struble (Healthy), Arthur Kaliyev (Strained Right Knee Injury), Vitek Vanecek (Healthy)
Edmonton Oilers
5 vs 5 Forward
Center Left Wing Right Wing Time % Phy DF OF
1 Ryan McLeod Adrian Kempe Kirill Marchenko 30 1 2 2
2 Connor McMichael Jake DeBrusk Brock Boeser 30 1 2 2
3 Boone Jenner Dylan Holloway Dawson Mercer 25 1 2 2
4 Morgan Barron Tanner Jeannot Derek Ryan 15 1 2 2
5 vs 5 Defense
Defense Defense Time % Phy DF OF
1 Jacob Trouba Brandon Carlo 35 1 2 2
2 David Savard Evan Bouchard 35 1 2 2
3 Troy Stecher Scott Mayfield 30 1 2 2
4 Troy Stecher Jacob Trouba 0 1 2 2
PowerPlay Forward
Center Left Wing Right Wing Time % Phy DF OF
1 Ryan McLeod Adrian Kempe Kirill Marchenko 50 1 2 2
2 Connor McMichael Jake DeBrusk Brock Boeser 50 1 2 2
PowerPlay Defense
Defense Defense Time % Phy DF OF
1 Jacob Trouba Brandon Carlo 50 1 2 2
2 David Savard Evan Bouchard 50 1 2 2
Penalty Kill 4 Players Forward
Center Wing Time % Phy DF OF
1 Ryan McLeod Kirill Marchenko 50 1 2 2
2 Brock Boeser Jake DeBrusk 50 1 2 2
Penalty Kill 4 Players Defense
Defense Defense Time % Phy DF OF
1 Jacob Trouba Brandon Carlo 50 1 2 2
2 David Savard Evan Bouchard 50 1 2 2
Penalty Kill - 3 Players Forward
Forward Time % Phy DF OF
1 Brock Boeser 50 1 2 2
2 Kirill Marchenko 50 1 2 2
Penalty Kill - 3 Players Defense
Defense Defense Time % Phy DF OF
1 Jacob Trouba Brandon Carlo 50 1 2 2
2 David Savard Evan Bouchard 50 1 2 2
4 vs 4 Forward
Center Wing Time % Phy DF OF
1 Ryan McLeod Kirill Marchenko 50 1 2 2
2 Brock Boeser Adrian Kempe 50 1 2 2
4 vs 4 Defense
Defense Defense Time % Phy DF OF
1 Jacob Trouba Brandon Carlo 50 1 2 2
2 David Savard Evan Bouchard 50 1 2 2
Last Minutes Offensive
Center Left Wing Right Wing Defense Defense
Ryan McLeod Adrian Kempe Kirill Marchenko Jacob Trouba Brandon Carlo
Last Minutes Defensive
Center Left Wing Right Wing Defense Defense
Ryan McLeod Adrian Kempe Kirill Marchenko Jacob Trouba Brandon Carlo
Goaltenders
Starting : Karel Vejmelka
Backup : Juuse Saros
Extra Forwards
Normal : Dylan Holloway, Boone Jenner, Dawson Mercer - PP : Dylan Holloway, Boone Jenner - PK : Dawson Mercer
Extra Defensemen
Normal : Jacob Trouba, Scott Mayfield, Troy Stecher - PP : Jacob Trouba - PK : Scott Mayfield, Troy Stecher
Penalty Shots
Boone Jenner, Kirill Marchenko, Brock Boeser, Jake DeBrusk, Ryan McLeod
Scratches
Luke Hughes (Healthy), Brett Pesce (Healthy), Xavier Bourgault (Healthy), Jonathan Quick (Healthy)
% Time on Ice - Detroit Red Wings
Lines # - Real PCT - Wanted PCT - Time Play
Normal Forward
1 - 29% - 35% - 15:04
2 - 29% - 35% - 14:54
3 - 23% - 20% - 11:51
4 - 19% - 10% - 9:47
Normal Defense
1 - 38% - 40% - 19:47
2 - 31% - 30% - 16:03
3 - 26% - 20% - 13:23
4 - 5% - 10% - 2:23
PP Forward
1 - 54% - 50% - 3:23
2 - 46% - 50% - 2:53
PP Defense
1 - 55% - 50% - 3:26
2 - 45% - 50% - 2:50
PK Forward
1 - 66% - 50% - 1:25
2 - 34% - 50% - 0:43
PK Defense
1 - 55% - 50% - 1:10
2 - 45% - 50% - 0:58
PK3 Forward
1 - 0% - 50%
2 - 0% - 50%
PK3 Defense
1 - 0% - 50%
2 - 0% - 50%
44 Forward
1 - 0% - 60%
2 - 0% - 40%
44 Defense
1 - 0% - 60%
2 - 0% - 40%
Last Minute Offensive - 0:00
Last Minute Defensive - 0:00
Total
Forward - 60:00
Defense - 60:00
|
% Time on Ice - Edmonton Oilers
Lines # - Real PCT - Wanted PCT - Time Play
Normal Forward
1 - 29% - 30% - 15:03
2 - 29% - 30% - 15:01
3 - 25% - 25% - 12:44
4 - 17% - 15% - 8:48
Normal Defense
1 - 35% - 35% - 18:06
2 - 34% - 35% - 17:46
3 - 29% - 30% - 14:50
4 - 2% - 0% - 0:54
PP Forward
1 - 84% - 50% - 1:47
2 - 16% - 50% - 0:21
PP Defense
1 - 41% - 50% - 0:52
2 - 59% - 50% - 1:16
PK Forward
1 - 48% - 50% - 3:00
2 - 52% - 50% - 3:16
PK Defense
1 - 49% - 50% - 3:05
2 - 51% - 50% - 3:11
PK3 Forward
1 - 0% - 50%
2 - 0% - 50%
PK3 Defense
1 - 0% - 50%
2 - 0% - 50%
44 Forward
1 - 0% - 50%
2 - 0% - 50%
44 Defense
1 - 0% - 50%
2 - 0% - 50%
Last Minute Offensive - 0:00
Last Minute Defensive - 0:00
Total
Forward - 60:00
Defense - 60:00
|
Play-by-Play
1st period
0:01 of 1st period - Ryan McLeod wins face-off versus Cutter Gauthier in neutral zone.
0:03 of 1st period - Off-side.
0:04 of 1st period - Ryan McLeod wins face-off versus Cutter Gauthier in neutral zone.
0:35 of 1st period - Wrist shot by Jake DeBrusk.
0:35 of 1st period - Deflect By Brock Boeser.
0:35 of 1st period - Shot Blocked by Jackson LaCombe.
0:35 of 1st period - Puck is out of play.
0:36 of 1st period - Boone Jenner wins face-off versus Cole Sillinger in Detroit Red Wings zone.
0:37 of 1st period - Wrist shot by Dylan Holloway.
0:37 of 1st period - Stopped by Laurent Brossoit with a rebound.
0:49 of 1st period - Wrist shot by Dylan Holloway.
0:49 of 1st period - Shot Misses the Net.
1:03 of 1st period - Kevin Stenlund is hit by Morgan Barron and loses puck.
1:28 of 1st period - Slapshot by Jackson LaCombe.
1:28 of 1st period - Stopped by Karel Vejmelka without a rebound.
1:29 of 1st period - Boone Jenner wins face-off versus Cole Sillinger in Edmonton Oilers zone.
3:24 of 1st period - Snap shot by Brock Boeser.
3:24 of 1st period - Shot Misses the Net.
3:36 of 1st period - Snap shot by Kevin Stenlund.
3:36 of 1st period - Stopped by Karel Vejmelka without a rebound.
3:37 of 1st period - Ryan McLeod wins face-off versus Cole Sillinger in Edmonton Oilers zone.
3:53 of 1st period - Snap shot by Cole Sillinger.
3:53 of 1st period - Shot Misses the Net.
5:26 of 1st period - Cole Sillinger is hit by Adrian Kempe and loses puck.
6:09 of 1st period - Dylan Holloway is hit by Kevin Stenlund and loses puck.
6:35 of 1st period - David Savard is hit by Shayne Gostisbehere and loses puck.
6:46 of 1st period - Shayne Gostisbehere is hit by Ryan McLeod and loses puck.
7:16 of 1st period - Zachary L'Heureux is hit by Boone Jenner and loses puck.
7:31 of 1st period - Snap shot by Jake DeBrusk.
7:31 of 1st period - Stopped by Laurent Brossoit with a rebound.
7:37 of 1st period - Jacob Trouba is hit by Dmitry Orlov and loses puck.
7:48 of 1st period - Brandon Carlo is hit by Nate Danielson and loses puck.
8:00 of 1st period - Icing by Brock Boeser.
8:01 of 1st period - Kevin Stenlund wins face-off versus Connor McMichael in Edmonton Oilers zone.
8:20 of 1st period - Snap shot by Jake DeBrusk.
8:20 of 1st period - Shot Misses the Net.
8:40 of 1st period - Slapshot by Vasili Podkolzin.
8:40 of 1st period - Shot Misses the Net.
9:16 of 1st period - Slapshot by Dylan Holloway.
9:16 of 1st period - Goal by Dylan Holloway - Detroit Red Wings : 0 - Edmonton Oilers : 1.
9:17 of 1st period - Ryan McLeod wins face-off versus Cole Sillinger in neutral zone.
10:03 of 1st period - Cutter Gauthier is hit by Troy Stecher and loses puck.
10:30 of 1st period - Wrist shot by Collin Graf.
10:30 of 1st period - Stopped by Karel Vejmelka without a rebound.
10:31 of 1st period - Cole Sillinger wins face-off versus Ryan McLeod in Edmonton Oilers zone.
10:44 of 1st period - Adrian Kempe is hit by Vasili Podkolzin.
11:44 of 1st period - Snap shot by Kirill Marchenko.
11:44 of 1st period - Shot Misses the Net.
12:16 of 1st period - Slapshot by Vasili Podkolzin.
12:16 of 1st period - Stopped by Karel Vejmelka with a rebound.
12:18 of 1st period - Snap shot by Vasili Podkolzin.
12:18 of 1st period - Shot Blocked by Jacob Trouba.
12:20 of 1st period - Wrist shot by Zachary L'Heureux.
12:20 of 1st period - Stopped by Karel Vejmelka with a rebound.
12:22 of 1st period - Wrist shot by Dmitry Orlov.
12:22 of 1st period - Stopped by Karel Vejmelka with a rebound.
12:38 of 1st period - Wrist shot by Kirill Marchenko.
12:38 of 1st period - Stopped by Laurent Brossoit with a rebound.
12:48 of 1st period - David Savard is hit by Christian Fischer.
12:54 of 1st period - Slapshot by Jackson LaCombe.
12:54 of 1st period - Deflect By Christian Fischer.
12:54 of 1st period - Shot Blocked by Connor McMichael.
12:54 of 1st period - Puck is out of play.
12:55 of 1st period - Ryan McLeod wins face-off versus Brad Lambert in Edmonton Oilers zone.
13:33 of 1st period - Adrian Kempe is hit by Christian Fischer and loses puck.
13:58 of 1st period - Slapshot by Dmitry Orlov.
13:58 of 1st period - Deflect By Adrian Kempe.
13:58 of 1st period - Stopped by Karel Vejmelka without a rebound.
13:59 of 1st period - Cole Sillinger wins face-off versus Connor McMichael in Edmonton Oilers zone.
15:37 of 1st period - Snap shot by Collin Graf.
15:37 of 1st period - Stopped by Karel Vejmelka with a rebound.
16:45 of 1st period - Snap shot by Cutter Gauthier.
16:45 of 1st period - Stopped by Karel Vejmelka with a rebound.
16:57 of 1st period - Jackson LaCombe is hit by Kirill Marchenko and loses puck.
17:18 of 1st period - Slapshot by Jackson LaCombe.
17:18 of 1st period - Shot Blocked by Derek Ryan.
18:24 of 1st period - Christian Fischer is hit by Brandon Carlo and loses puck.
19:14 of 1st period - Tanner Jeannot is hit by Fraser Minten and loses puck.
19:32 of 1st period - Snap shot by Adrian Kempe.
19:32 of 1st period - Stopped by Laurent Brossoit with a rebound.
19:44 of 1st period - Slapshot by Fraser Minten.
19:44 of 1st period - Shot Misses the Net.
19:46 of 1st period - Snap shot by Shayne Gostisbehere.
19:46 of 1st period - Stopped by Karel Vejmelka with a rebound.
19:48 of 1st period - Wrist shot by Fraser Minten.
19:48 of 1st period - Stopped by Karel Vejmelka with a rebound.
19:56 of 1st period - Snap shot by Collin Graf.
19:56 of 1st period - Stopped by Karel Vejmelka without a rebound.
19:57 of 1st period - Connor McMichael wins face-off versus Cole Sillinger in Edmonton Oilers zone.
Goals for this period are 0 for Detroit Red Wings vs 1 for Edmonton Oilers.
Shots for this period are 12 for Detroit Red Wings vs 5 for Edmonton Oilers.
2nd period
0:01 of 2nd period - Cole Sillinger wins face-off versus Connor McMichael in neutral zone.
0:26 of 2nd period - Cutter Gauthier is hit by Boone Jenner.
0:52 of 2nd period - Snap shot by Adrian Kempe.
0:52 of 2nd period - Stopped by Laurent Brossoit without a rebound.
0:53 of 2nd period - Connor McMichael wins face-off versus Cole Sillinger in Detroit Red Wings zone.
0:54 of 2nd period - Wrist shot by Jake DeBrusk.
0:54 of 2nd period - Stopped by Laurent Brossoit with a rebound.
1:08 of 2nd period - Wrist shot by Vasili Podkolzin.
1:08 of 2nd period - Shot Blocked by Troy Stecher.
1:23 of 2nd period - Snap shot by Collin Graf.
1:23 of 2nd period - Stopped by Karel Vejmelka without a rebound.
1:24 of 2nd period - Ryan McLeod wins face-off versus Cutter Gauthier in Edmonton Oilers zone.
2:13 of 2nd period - Minor Penalty to Brock Boeser for Hooking.
2:14 of 2nd period - Ryan McLeod wins face-off versus Cutter Gauthier in Edmonton Oilers zone.
2:21 of 2nd period - Off-side.
2:22 of 2nd period - Cutter Gauthier wins face-off versus Dawson Mercer in neutral zone.
2:25 of 2nd period - Wrist shot by Collin Graf.
2:25 of 2nd period - Deflect By Cutter Gauthier.
2:25 of 2nd period - Shot Misses the Net.
2:25 of 2nd period - Puck is out of play.
2:26 of 2nd period - Cole Sillinger wins face-off versus Dawson Mercer in Edmonton Oilers zone.
2:27 of 2nd period - Snap shot by Tanner Pearson.
2:27 of 2nd period - Shot Misses the Net.
2:29 of 2nd period - Snap shot by Shayne Gostisbehere.
2:29 of 2nd period - Shot Misses the Net.
2:31 of 2nd period - Wrist shot by Cole Sillinger.
2:31 of 2nd period - Shot Misses the Net.
2:33 of 2nd period - Snap shot by Shayne Gostisbehere.
2:33 of 2nd period - Stopped by Karel Vejmelka with a rebound.
2:35 of 2nd period - Snap shot by Cole Sillinger.
2:35 of 2nd period - Shot Hit the Post.
2:37 of 2nd period - Slapshot by Shayne Gostisbehere.
2:37 of 2nd period - Deflect By Cole Sillinger.
2:37 of 2nd period - Goal by Cole Sillinger - Detroit Red Wings : 1 - Edmonton Oilers : 1.
2:38 of 2nd period - Cole Sillinger wins face-off versus Connor McMichael in neutral zone.
2:53 of 2nd period - Slapshot by Jake DeBrusk.
2:53 of 2nd period - Stopped by Laurent Brossoit with a rebound.
3:05 of 2nd period - Ryan McLeod is hit by Kasperi Kapanen and loses puck.
3:15 of 2nd period - Minor Penalty to Kevin Stenlund for Roughing.
3:16 of 2nd period - Brad Lambert wins face-off versus Ryan McLeod in Detroit Red Wings zone.
3:16 of 2nd period - Brad Lambert is hit by Jacob Trouba.
3:22 of 2nd period - Collin Graf is hit by Brandon Carlo and loses puck.
4:09 of 2nd period - Dmitry Orlov is hit by Kirill Marchenko and loses puck.
4:44 of 2nd period - Wrist shot by Adrian Kempe.
4:44 of 2nd period - Shot Blocked by Ryan Graves.
4:46 of 2nd period - Slapshot by David Savard.
4:46 of 2nd period - Shot Blocked by Brad Lambert.
4:48 of 2nd period - Wrist shot by Ryan McLeod.
4:48 of 2nd period - Goal by Ryan McLeod - Detroit Red Wings : 1 - Edmonton Oilers : 2.
4:49 of 2nd period - Boone Jenner wins face-off versus Cole Sillinger in neutral zone.
5:05 of 2nd period - Snap shot by Cole Sillinger.
5:05 of 2nd period - Stopped by Karel Vejmelka with a rebound.
5:19 of 2nd period - Wrist shot by Brock Boeser.
5:19 of 2nd period - Stopped by Laurent Brossoit with a rebound.
7:01 of 2nd period - Wrist shot by Kevin Stenlund.
7:01 of 2nd period - Shot Misses the Net.
7:07 of 2nd period - Backhand shot by Brad Lambert.
7:07 of 2nd period - Stopped by Karel Vejmelka with a rebound.
7:46 of 2nd period - Derek Ryan is hit by Zachary L'Heureux and loses puck.
8:07 of 2nd period - Brandon Carlo is hit by Kevin Stenlund and loses puck.
8:27 of 2nd period - Nate Danielson is hit by Ryan McLeod.
8:38 of 2nd period - Ryan McLeod is hit by Christian Fischer and loses puck.
9:00 of 2nd period - Nate Danielson is hit by Adrian Kempe.
9:14 of 2nd period - Snap shot by Jackson LaCombe.
9:14 of 2nd period - Deflect By Nate Danielson.
9:14 of 2nd period - Deflect By Adrian Kempe.
9:14 of 2nd period - Stopped by Karel Vejmelka with a rebound.
9:16 of 2nd period - Wrist shot by Brad Lambert.
9:16 of 2nd period - Shot Blocked by Troy Stecher.
9:18 of 2nd period - Slapshot by Nate Danielson.
9:18 of 2nd period - Shot Misses the Net.
9:20 of 2nd period - Wrist shot by Christian Fischer.
9:20 of 2nd period - Shot Blocked by Scott Mayfield.
9:22 of 2nd period - Wrist shot by Brad Lambert.
9:22 of 2nd period - Shot Blocked by Adrian Kempe.
9:24 of 2nd period - Snap shot by Brad Lambert.
9:24 of 2nd period - Stopped by Karel Vejmelka without a rebound.
9:25 of 2nd period - Vasili Podkolzin wins face-off versus Connor McMichael in Edmonton Oilers zone.
9:26 of 2nd period - Wrist shot by Cole Sillinger.
9:26 of 2nd period - Shot Misses the Net.
9:32 of 2nd period - Wrist shot by Zachary L'Heureux.
9:32 of 2nd period - Stopped by Karel Vejmelka with a rebound.
9:34 of 2nd period - Slapshot by Jamie Drysdale.
9:34 of 2nd period - Deflect By Brock Boeser.
9:34 of 2nd period - Stopped by Karel Vejmelka with a rebound.
9:36 of 2nd period - Wrist shot by Zachary L'Heureux.
9:36 of 2nd period - Stopped by Karel Vejmelka with a rebound.
9:38 of 2nd period - Wrist shot by Vasili Podkolzin.
9:38 of 2nd period - Stopped by Karel Vejmelka with a rebound.
10:13 of 2nd period - Wrist shot by Tanner Jeannot.
10:13 of 2nd period - Shot Hit the Post.
10:15 of 2nd period - Snap shot by Derek Ryan.
10:15 of 2nd period - Shot Blocked by Ryan Graves.
10:17 of 2nd period - Snap shot by Derek Ryan.
10:17 of 2nd period - Shot Misses the Net.
10:19 of 2nd period - Wrist shot by Morgan Barron.
10:19 of 2nd period - Shot Misses the Net.
10:29 of 2nd period - Snap shot by Brock Boeser.
10:29 of 2nd period - Shot Blocked by Ryan Graves.
10:31 of 2nd period - Wrist shot by David Savard.
10:31 of 2nd period - Stopped by Laurent Brossoit with a rebound.
10:33 of 2nd period - Snap shot by Brock Boeser.
10:33 of 2nd period - Shot Blocked by Cole Sillinger.
10:43 of 2nd period - Snap shot by Dylan Holloway.
10:43 of 2nd period - Stopped by Laurent Brossoit without a rebound.
10:44 of 2nd period - Boone Jenner wins face-off versus Cutter Gauthier in Detroit Red Wings zone.
10:47 of 2nd period - Wrist shot by Boone Jenner.
10:47 of 2nd period - Shot Misses the Net.
10:49 of 2nd period - Snap shot by Dylan Holloway.
10:49 of 2nd period - Goal by Dylan Holloway - Detroit Red Wings : 1 - Edmonton Oilers : 3.
10:50 of 2nd period - Ryan McLeod wins face-off versus Cutter Gauthier in neutral zone.
11:22 of 2nd period - Snap shot by Cole Sillinger.
11:22 of 2nd period - Stopped by Karel Vejmelka with a rebound.
11:24 of 2nd period - Slapshot by Dmitry Orlov.
11:24 of 2nd period - Stopped by Karel Vejmelka with a rebound.
11:26 of 2nd period - Snap shot by Zachary L'Heureux.
11:26 of 2nd period - Shot Misses the Net.
11:28 of 2nd period - Wrist shot by Zachary L'Heureux.
11:28 of 2nd period - Stopped by Karel Vejmelka without a rebound.
11:29 of 2nd period - Boone Jenner wins face-off versus Cole Sillinger in Edmonton Oilers zone.
11:38 of 2nd period - Backhand shot by Boone Jenner.
11:38 of 2nd period - Stopped by Laurent Brossoit with a rebound.
11:40 of 2nd period - Snap shot by Boone Jenner.
11:40 of 2nd period - Stopped by Laurent Brossoit without a rebound.
11:41 of 2nd period - Connor McMichael wins face-off versus Cutter Gauthier in Detroit Red Wings zone.
11:55 of 2nd period - Off-side.
11:56 of 2nd period - Cole Sillinger wins face-off versus Ryan McLeod in neutral zone.
12:03 of 2nd period - Snap shot by Jackson LaCombe.
12:03 of 2nd period - Shot Blocked by Kirill Marchenko.
12:05 of 2nd period - Snap shot by Vasili Podkolzin.
12:05 of 2nd period - Shot Blocked by Kirill Marchenko.
12:07 of 2nd period - Wrist shot by Vasili Podkolzin.
12:07 of 2nd period - Shot Blocked by Troy Stecher.
12:24 of 2nd period - Off-side.
12:25 of 2nd period - Collin Graf wins face-off versus Connor McMichael in neutral zone.
12:28 of 2nd period - Connor McMichael is hit by Cutter Gauthier and loses puck.
12:37 of 2nd period - Wrist shot by Jake DeBrusk.
12:37 of 2nd period - Stopped by Laurent Brossoit with a rebound.
12:39 of 2nd period - Slapshot by Evan Bouchard.
12:39 of 2nd period - Deflect By Fraser Minten.
12:39 of 2nd period - Stopped by Laurent Brossoit with a rebound.
12:41 of 2nd period - Snap shot by David Savard.
12:41 of 2nd period - Stopped by Laurent Brossoit with a rebound.
12:52 of 2nd period - Minor Penalty to Evan Bouchard for Tripping.
12:53 of 2nd period - Ryan McLeod wins face-off versus Cutter Gauthier in Edmonton Oilers zone.
14:39 of 2nd period - Kirill Marchenko is hit by Jackson LaCombe and loses puck.
14:52 of 2nd period - Penalty to Evan Bouchard is over, Evan Bouchard is back on ice.
15:56 of 2nd period - Snap shot by Tanner Jeannot.
15:56 of 2nd period - Shot Blocked by Jamie Drysdale.
16:35 of 2nd period - Dylan Holloway is hit by Fraser Minten and loses puck.
17:36 of 2nd period - Slapshot by Evan Bouchard.
17:36 of 2nd period - Shot Blocked by Kasperi Kapanen.
18:04 of 2nd period - Shayne Gostisbehere is hit by Dawson Mercer and loses puck.
18:21 of 2nd period - Evan Bouchard is hit by Nate Danielson and loses puck.
18:41 of 2nd period - Minor Penalty to Ryan Graves for Hooking.
18:42 of 2nd period - Connor McMichael wins face-off versus Cole Sillinger in Detroit Red Wings zone.
18:58 of 2nd period - Jackson LaCombe is hit by Jake DeBrusk and loses puck.
19:09 of 2nd period - Collin Graf is hit by Brandon Carlo and loses puck.
19:16 of 2nd period - Snap shot by Adrian Kempe.
19:16 of 2nd period - Goal by Adrian Kempe - Detroit Red Wings : 1 - Edmonton Oilers : 4.
19:17 of 2nd period - Ryan McLeod wins face-off versus Cutter Gauthier in neutral zone.
19:20 of 2nd period - Dmitry Orlov is hit by Adrian Kempe and loses puck.
Goals for this period are 1 for Detroit Red Wings vs 3 for Edmonton Oilers.
Shots for this period are 14 for Detroit Red Wings vs 14 for Edmonton Oilers.
3rd period
0:01 of 3rd period - Cole Sillinger wins face-off versus Ryan McLeod in neutral zone.
0:06 of 3rd period - Slapshot by Jackson LaCombe.
0:06 of 3rd period - Shot Blocked by Ryan McLeod.
0:38 of 3rd period - Snap shot by Brock Boeser.
0:38 of 3rd period - Stopped by Laurent Brossoit without a rebound.
0:39 of 3rd period - Kevin Stenlund wins face-off versus Boone Jenner in Detroit Red Wings zone.
2:55 of 3rd period - Jamie Drysdale is hit by Tanner Jeannot.
3:53 of 3rd period - David Savard is hit by Kasperi Kapanen and loses puck.
4:06 of 3rd period - Conor Timmins is hit by Jacob Trouba and loses puck.
4:28 of 3rd period - Connor McMichael is hit by Ryan Graves and loses puck.
4:51 of 3rd period - Dawson Mercer is hit by Brad Lambert and loses puck.
5:00 of 3rd period - Snap shot by Dylan Holloway.
5:00 of 3rd period - Shot Misses the Net.
5:38 of 3rd period - Adrian Kempe is hit by Collin Graf and loses puck.
5:53 of 3rd period - Collin Graf is hit by Dylan Holloway and loses puck.
6:09 of 3rd period - Collin Graf is hit by Boone Jenner and loses puck.
6:32 of 3rd period - Vasili Podkolzin is hit by Brock Boeser and loses puck.
6:50 of 3rd period - Conor Timmins is hit by Connor McMichael and loses puck.
7:02 of 3rd period - Jackson LaCombe is hit by Brock Boeser and loses puck.
7:09 of 3rd period - Snap shot by Jake DeBrusk.
7:09 of 3rd period - Shot Misses the Net.
7:13 of 3rd period - Slapshot by Connor McMichael.
7:13 of 3rd period - Stopped by Laurent Brossoit without a rebound.
7:14 of 3rd period - Ryan McLeod wins face-off versus Kevin Stenlund in Detroit Red Wings zone.
7:35 of 3rd period - Minor Penalty to Adrian Kempe for Holding.
7:36 of 3rd period - Ryan McLeod wins face-off versus Cutter Gauthier in Edmonton Oilers zone.
9:23 of 3rd period - Evan Bouchard is hit by Tanner Pearson and loses puck.
9:35 of 3rd period - Penalty to Adrian Kempe is over, Adrian Kempe is back on ice.
9:58 of 3rd period - Slapshot by Evan Bouchard.
9:58 of 3rd period - Shot Blocked by Ryan Graves.
10:51 of 3rd period - Snap shot by Evan Bouchard.
10:51 of 3rd period - Shot Misses the Net.
12:06 of 3rd period - Fraser Minten is hit by Jacob Trouba and loses puck.
12:17 of 3rd period - Wrist shot by Kirill Marchenko.
12:17 of 3rd period - Goal by Kirill Marchenko - Detroit Red Wings : 1 - Edmonton Oilers : 5.
12:18 of 3rd period - Ryan McLeod wins face-off versus Cole Sillinger in neutral zone.
12:23 of 3rd period - Snap shot by Adrian Kempe.
12:23 of 3rd period - Shot Misses the Net.
12:25 of 3rd period - Backhand shot by Adrian Kempe.
12:25 of 3rd period - Deflect By Kirill Marchenko.
12:25 of 3rd period - Stopped by Laurent Brossoit with a rebound.
13:12 of 3rd period - Brandon Carlo is hit by Zachary L'Heureux.
13:30 of 3rd period - Morgan Barron is hit by Collin Graf and loses puck.
13:39 of 3rd period - Wrist shot by Cutter Gauthier.
13:39 of 3rd period - Shot Misses the Net.
14:17 of 3rd period - Slapshot by Kevin Stenlund.
14:17 of 3rd period - Shot Misses the Net.
14:33 of 3rd period - Tanner Pearson is hit by Jake DeBrusk and loses puck.
15:12 of 3rd period - Off-side.
15:13 of 3rd period - Ryan McLeod wins face-off versus Nate Danielson in neutral zone.
15:45 of 3rd period - Backhand shot by Kirill Marchenko.
15:45 of 3rd period - Stopped by Laurent Brossoit with a rebound.
15:51 of 3rd period - Snap shot by Brad Lambert.
15:51 of 3rd period - Shot Misses the Net.
15:53 of 3rd period - Wrist shot by Christian Fischer.
15:53 of 3rd period - Stopped by Karel Vejmelka without a rebound.
15:54 of 3rd period - Connor McMichael wins face-off versus Zachary L'Heureux in Edmonton Oilers zone.
15:59 of 3rd period - Snap shot by Vasili Podkolzin.
15:59 of 3rd period - Shot Misses the Net.
16:55 of 3rd period - Icing by Kevin Stenlund.
16:56 of 3rd period - Cole Sillinger wins face-off versus Connor McMichael in Detroit Red Wings zone.
17:05 of 3rd period - Snap shot by Brock Boeser.
17:05 of 3rd period - Shot Blocked by Vasili Podkolzin.
17:07 of 3rd period - Snap shot by David Savard.
17:07 of 3rd period - Shot Blocked by Dmitry Orlov.
17:09 of 3rd period - Slapshot by Evan Bouchard.
17:09 of 3rd period - Stopped by Laurent Brossoit with a rebound.
17:11 of 3rd period - Wrist shot by Jake DeBrusk.
17:11 of 3rd period - Stopped by Laurent Brossoit with a rebound.
17:52 of 3rd period - Off-side.
17:53 of 3rd period - Connor McMichael wins face-off versus Cutter Gauthier in neutral zone.
17:56 of 3rd period - Slapshot by Jake DeBrusk.
17:56 of 3rd period - Deflect By Brock Boeser.
17:56 of 3rd period - Shot Misses the Net.
17:56 of 3rd period - Puck is out of play.
17:57 of 3rd period - Cutter Gauthier wins face-off versus Connor McMichael in Detroit Red Wings zone.
17:57 of 3rd period - Cutter Gauthier is hit by Brandon Carlo.
18:03 of 3rd period - Connor McMichael is hit by Fraser Minten and loses puck.
18:05 of 3rd period - Minor Penalty to Jacob Trouba for Hooking.
18:06 of 3rd period - Ryan McLeod wins face-off versus Cole Sillinger in Edmonton Oilers zone.
18:38 of 3rd period - Kirill Marchenko is hit by Collin Graf and loses puck.
Goals for this period are 0 for Detroit Red Wings vs 1 for Edmonton Oilers.
Shots for this period are 1 for Detroit Red Wings vs 7 for Edmonton Oilers.
Back to the Top